 Dungeon Crawl Stone Soup version 0.31-a0-826-ga5cc291a1b (webtiles) character file.

Game seed: 13592972131567999351

98 qw the Shooter (level 4, 0/28 HPs)
             Began as a Gargoyle Hunter on Sept 23, 2023.
             Slain by an orc
             ... wielding a +0 flail
              (8 damage)
             ... on level 3 of the Dungeon.
             The game lasted 00:00:37 (1394 turns).

qw the Shooter (Gargoyle Hunter)                    Turns: 1394, Time: 00:00:38

Health: 0/28       AC:  6    Str: 15    XL:     4   Next: 71%
Magic:  4/4        EV: 11    Int:  9    God:
Gold:   91         SH:  0    Dex: 15    Spells: 3/3 levels left

rFire   . . .        Y - +0 shortbow
rCold   . . .        (shield currently unavailable)
rNeg    + . .        c - +0 leather armour
rPois   inf          (no helmet)
rElec   +            (no cloak)
rCorr   .            (no gloves)
SInv    .            (no boots)
Will    .....        (no amulet)
Stlth   ++           (no ring)
HPRegen 0.24/turn    (no ring)
MPRegen 0.09/turn

%: no passive effects
@: no status effects
A: sickness immunity, AC +3, negative energy resistance 1, electricity
resistance, torment resistance 1, petrification resistance
a: no special abilities


You were on level 3 of the Dungeon.
You visited 1 branch of the dungeon, and saw 3 of its levels.

You collected 91 gold pieces.


Innate Abilities, Weirdness & Mutations

You are immune to sickness and miasma.
Your stone body is resilient. (AC +3)
You are immune to poison.
You resist negative energy. (rN+)
You are resistant to electric shocks. (rElec)
You are resistant to unholy torment.
You are immune to petrification.


   Skills:
 - Level 3.0 Fighting
 + Level 5.6 Ranged Weapons
 - Level 1.5 Dodging
 - Level 1.1 Stealth


You had 3 spell levels left.
You didn't know any spells.
Your spell library was empty.

Inventory:

Hand Weapons
 Y - a +0 shortbow (weapon)
Armour
 c - a +0 leather armour (worn)
Scrolls
 a - a scroll of identify
Potions
 b - a potion of mutation {unknown}
 f - a potion of haste {unknown}
 g - a potion of curing

Dungeon Overview and Level Annotations

Branches:
Dungeon (3/15)

Altars:
Cheibriados

Annotations:
D:2 1 runed translucent door, Crazy Yiuf


Message History

You kill the hobgoblin!
The orc barely misses you. The orc closely misses you.
The endoplasm hits you but does no damage.
The orc barely misses you.
You shoot an arrow.
The arrow hits the orc but does no damage.
The orc hits you with a +0 hand axe. The endoplasm barely misses you.
The orc barely misses you. The orc hits you but does no damage.
The orc closely misses you. The orc hits you with a +0 flail.
The endoplasm freezes you.
You are frozen.
1388 ||| DRINKING potion of heal wounds.
You feel much better. The orc closely misses you.
The orc hits you but does no damage.
The endoplasm hits you but does no damage.
The orc hits you with a +0 flail.
You shoot an arrow. The arrow hits the orc.
The orc is heavily wounded.
The orc closely misses you. The orc hits you with a +0 hand axe.
The orc barely misses you. The endoplasm barely misses you.
You shoot an arrow. The arrow hits the orc.
The orc is almost dead.
The orc hits you but does no damage. The orc misses you.
The orc barely misses you.
The endoplasm hits you but does no damage.
You shoot an arrow.
The arrow hits the orc but does no damage.
The orc is almost dead.
The orc hits you but does no damage. The endoplasm hits you.
The orc closely misses you. The orc hits you with a +0 hand axe.
You shoot an arrow. The arrow closely misses the orc.
The orc hits you but does no damage. The orc hits you with a +0 hand axe.
The orc barely misses you. The endoplasm misses you.
You shoot an arrow. The arrow hits the orc!
You kill the orc!
The orc hits you with a +0 dagger. The orc hits you with a +0 flail.
The endoplasm barely misses you.
You shoot an arrow. The arrow closely misses the orc.
The orc misses you. The orc hits you with a +0 flail!
You die...

####### ###
##..ro@#..J..
#....o)Jw..[..
#..............
#........|.....
#........).....
#..............
#..............
#.?/...........
##............


You could see a worm, 2 orcs, an endoplasm and a rat.

Vanquished Creatures
  A gnoll (D:1)
  3 adders
  A dart slug (D:1)
  2 orcs (D:3)
  A ball python (D:1)
  8 endoplasms
  A giant cockroach (D:1)
  5 goblins
  4 hobgoblins
  4 jackals (D:1)
  5 kobolds
  4 quokkas (D:1)
  A bat (D:1)
  11 frilled lizards
  4 rats
55 creatures vanquished.

Notes
Turn   | Place    | Note
-------+----------+-------------------------------------------
     0 | D:1      | qw the Gargoyle Hunter began the quest for the Orb.
     0 | D:1      | Reached XP level 1. HP: 12/12 MP: 1/1
     0 | D:1      | 0 ||| qw: Version: 0.3-a-83-gcd0e7d8
     0 | D:1      | 0 ||| qw: Game counter: 1883
     0 | D:1      | 0 ||| qw: Melee chars always use a shield: true
     0 | D:1      | 0 ||| qw: God list: Okawaru
     0 | D:1      | 0 ||| qw: Allow faded altars: false
     0 | D:1      | 0 ||| qw: Do Orc after clearing Dungeon:15 true
     0 | D:1      | 0 ||| qw: Do second Lair branch before Depths: true
     0 | D:1      | 0 ||| qw: Lair rune preference: random
     0 | D:1      | 0 ||| qw: Goals: Normal
     0 | D:1      | 0 ||| PLANNING D:1-11
    83 | D:1      | Reached XP level 2. HP: 17/17 MP: 2/2
   232 | D:1      | Reached XP level 3. HP: 16/21 MP: 3/3
   370 | D:1      | Reached skill level 5 in Ranged Weapons
   602 | D:1      | Reached skill level 3 in Fighting
   820 | D:1      | 820 ||| READING 3 scrolls labelled KUAZE SEFREDGHI.
   821 | D:1      | 821 ||| DRINKING 2 green potions.
   822 | D:1      | 822 ||| READING 2 scrolls of identify.
   822 | D:1      | 822 ||| IDENTIFYING fizzy coppery potion
   823 | D:1      | 823 ||| DROPPING scroll of butterflies.
   920 | D:2      | Found a snail-covered altar of Cheibriados.
   977 | D:2      | Reached XP level 4. HP: 28/28 MP: 4/4
  1025 | D:2      | Found a faded altar of an unknown god.
  1292 | D:2      | Found a runed translucent door.
  1293 | D:2      | Noticed Crazy Yiuf
  1296 | D:2      | 1296 ||| READING scroll labelled JOIG LUMNEF.
  1297 | D:2      | 1297 ||| READING scroll labelled SATWAE WANI.
  1375 | D:3      | 1375 ||| RETREEAATING.
  1387 | D:3      | HP: 6/28 [orc/+0 flail (5)]
  1388 | D:3      | 1388 ||| DRINKING potion of heal wounds.
  1394 | D:3      | Slain by an orc

Levels and vault maps discovered:
D:1:      mrwooster_arrival_statue_2, layout_basic
D:2:      layout_rooms, basic_ecumenical_altar, basic_altar,
          uniq_crazy_yiuf_cottage
D:3:      layout_rooms

Skill      XL: |  1  2  3 |
---------------+----------+-----
Ranged Weapons | 5 |  5.6
Fighting       | 3 |  3.0
Dodging        | |  1.5
Stealth        | |  1.1

Action                     |  1- 3 |  4- 6 || total
---------------------------+-------+-------++-------
   Fire: Shortbow          |   125 |    41 ||   166
    Use: Scroll            |     2 |     2 ||     4
         Potion            |     1 |     1 ||     2
 Armour: Leather armour    |    23 |    37 ||    60
  Dodge: Dodged            |    43 |    43 ||    86

Table legend:
 A = Non-vault XP
 B = Vault XP
 C = Vault XP percentage of total XP
 D = Non-vault monster count
 E = Vault monster count
 F = Vault count percentage of total count
                 A         B        C        D         E       F
            +---------+---------+-------+---------+---------+-------
      Total |     141 |       0 |   0.0 |      55 |       0 |   0.0
            +---------+---------+-------+---------+---------+-------
        D:1 |      74 |       0 |   0.0 |      34 |       0 |   0.0
        D:2 |      46 |       0 |   0.0 |      17 |       0 |   0.0
        D:3 |      21 |       0 |   0.0 |       4 |       0 |   0.0
            +---------+---------+-------+---------+---------+-------
